 Dungeon Crawl Stone Soup version 0.28-a0-43-g560ac104fe (webtiles) character file.

Game seed: 14987930266405473727

396 Bapho the Shield-Bearer (level 7, -9/52 HPs)
             Began as a Formicid Fighter on July 28, 2021.
             Blown up by Ijyb (33 damage)
             ... with a mindburst bolt
             ... on level 3 of the Dungeon.
             The game lasted 00:07:54 (4098 turns).

Bapho the Shield-Bearer (Formicid Fighter)          Turns: 4098, Time: 00:07:55

Health: -9/52      AC: 13    Str: 22    XL:     7   Next: 9%
Magic:  7/7        EV:  5    Int:  8    God:
Gold:   130        SH: 11    Dex: 10    Spells: 6/6 levels left

rFire   . . .      SeeInvis +   a - +0 war axe
rCold   + . .      Faith    .   c - +0 kite shield
rNeg    . . .      Spirit   .   r - +1 plate armour {rC+}
rPois   .          Reflect  .   (helmet unavailable)
rElec   .          Harm     .   j - scarf {+Inv}
rCorr   .          Rampage  .   f - +0 pair of gloves
Will    .....                   (no boots)
Stlth   ..........              (no amulet)
HPRegen 0.17/turn               (no ring)
MPRegen 0.10/turn               (no ring)

@: no status effects
A: permanent stasis, dig shafts and tunnels, antennae 3, four strong arms
a: Dig, Shaft Self, Evoke Invisibility


You were on level 3 of the Dungeon.
You visited 1 branch of the dungeon, and saw 4 of its levels.
You also visited: Sewer.

You collected 130 gold pieces.

Inventory:

Hand Weapons
 a - a +0 war axe (weapon)
Missiles
 n - 41 stones (quivered)
Armour
 b - a +0 scale mail
 c - a +0 kite shield (worn)
 f - a +0 pair of gloves (worn)
 j - a scarf of invisibility (worn)
 r - a +1 plate armour of cold resistance (worn)
Jewellery
 e - an amulet of magic regeneration
Wands
 q - a wand of polymorph (6)
Scrolls
 g - a scroll of holy word {unknown}
 k - 3 scrolls of identify {unknown}
 l - a scroll of blinking {unknown}
 m - a scroll of enchant weapon {unknown}
 p - 2 scrolls of teleportation {unknown}
 s - a scroll of magic mapping {unknown}
 t - 3 scrolls of immolation {unknown}
Potions
 d - a potion of might
 h - 2 potions of heal wounds {unknown}
 i - a potion of attraction {unknown}
 o - a potion of haste {unknown}


   Skills:
 - Level 3.2 Fighting
 + Level 4.3 Axes
 - Level 3.2 Armour
 * Level 7.6 Shields


You had 6 spell levels left.
You didn't know any spells.
Your spell library was empty.

Dungeon Overview and Level Annotations

Branches:
Dungeon (4/15)              Sewer (visited)
 Temple: D:4-7

Altars:

Annotations:
D:3 Ijyb


Innate Abilities, Weirdness & Mutations

You cannot be hasted, slowed, berserked, paralysed or teleported.
You can dig through walls and to a lower floor.
You have a pair of large antennae on your head. (SInv)
Your four strong arms can wield two-handed weapons with a shield.


Message History

A frilled lizard is nearby!
Your line of fire to the frilled lizard is blocked by a plant.
Continue anyway? [Y]es or [N]o only, please.
Your line of fire to the frilled lizard is blocked by a plant.
Continue anyway? [Y]es or [N]o only, please.
Your line of fire to the frilled lizard is blocked by a plant.
Continue anyway?
Okay, then.
You slash the frilled lizard!
You kill the frilled lizard!
n - 41 stones (gained 3)
You open the door.
There is an open door here.
t - 3 scrolls labelled JUR ELAPTEU
Found a stone staircase leading up.
You open the door.
There is a stone staircase leading down here.
There is an open door here.
You open the door.
There is an open door here.
Ijyb the Twisted Goblin comes into view.
She is wielding a +0 dagger and carrying a wand of mindburst (13).
Ijyb shouts!
You hear a shout!
A goblin comes into view. It is wielding a +0 short sword.
Ijyb zaps a wand.
Your mind is blasted!
You slash Ijyb!
Ijyb is moderately wounded.
Ijyb hits you but does no damage. You block Ijyb's attack.
You barely miss Ijyb.
Ijyb is moderately wounded.
Ijyb zaps a wand.
Your mind is blasted!
The goblin hits you but does no damage.
You barely miss Ijyb.
Ijyb is moderately wounded.
You barely miss the goblin. You block Ijyb's attack.
The goblin hits you but does no damage.
You slash Ijyb!
Ijyb is severely wounded.
You closely miss the goblin.
Ijyb zaps a wand.
You struggle to resist.
The goblin hits you with a +0 short sword.
Ijyb zaps a wand.
Your mind is blasted!
Ouch! That really hurt!
You die...

#..#........#.#....#
#..#........#.#....#
#..#........#.#....#
#..#####'####.#....#
#.............#....#
.............#.....
.............#.....
##..###########+#'#.....
......g@...............#
......g.................
.......#############'###
....... #....... .......
####....... ...####
#.......... ###
#.....#'### #.....#.# #
#.....#.###


You could see Ijyb and a goblin.

Vanquished Creatures
  Purgy (Sewer)
  A sky beast (D:3)
  A scorpion (D:4)
  3 adders
  A river rat (D:3)
  A white imp (D:3)
  4 worms
  A dart slug (D:2)
  An orc (D:3)
  3 bats (D:1)
  6 endoplasms
  4 giant cockroaches
  6 goblins
  6 hobgoblins
  15 jackals
  10 kobolds
  5 quokkas
  8 ball pythons
  13 frilled lizards
  12 rats
102 creatures vanquished.

Vanquished Creatures (others)
  6 plants (D:3)
6 creatures vanquished.

Grand Total: 108 creatures vanquished

Notes
Turn   | Place    | Note
-------+----------+-------------------------------------------
     0 | D:1      | Bapho the Formicid Fighter began the quest for the Orb.
     0 | D:1      | Reached XP level 1. HP: 18/18 MP: 1/1
     6 | D:1      | Noticed a polar bear
     6 | D:1      | Noticed a wyvern
     6 | D:1      | Noticed a scorpion
     7 | D:1      | Noticed an iguana
   137 | D:1      | Reached skill level 4 in Shields
   141 | D:1      | Reached XP level 2. HP: 23/24 MP: 2/2
   631 | D:1      | Reached XP level 3. HP: 19/29 MP: 3/3
   745 | D:1      | Found a faded altar of an unknown god.
  1327 | D:2      | Reached skill level 5 in Shields
  1610 | D:2      | Reached XP level 4. HP: 33/35 MP: 4/4
  2323 | D:3      | Found a glowing drain.
  2362 | Sewer    | Entered a sewer
  2365 | Sewer    | Noticed Purgy
  2377 | Sewer    | Killed Purgy
  2378 | Sewer    | Reached skill level 6 in Shields
  2378 | Sewer    | Reached XP level 5. HP: 29/41 MP: 5/5
  2480 | Sewer    | Reached XP level 6. HP: 40/47 MP: 6/6
  2972 | D:3      | You fall into a shaft and drop 1 floor!
  3036 | D:4      | Reached skill level 7 in Shields
  3351 | D:4      | Identified the +5 short sword of Cobwebs {venom, rElec
                  | Will- Dex+5}
  3577 | D:3      | Noticed a sky beast
  3586 | D:3      | Killed a sky beast
  3587 | D:3      | Reached XP level 7. HP: 45/52 MP: 7/7
  4091 | D:3      | Noticed Ijyb
  4098 | D:3      | Blown up by Ijyb

Illustrated notes

Levels and vault maps discovered:
D:1:      onia_arrival_zoo_common, layout_loops_ring,
          shapermc_ecumenical_altar_totnotflames
D:2:      layout_rooms
D:3:      layout_basic, portal_sewer_entry_a, st_stairs_3, minmay_lizard_king,
          uniq_ijyb, uniq_robin
D:4:      layout_loops_ring, nicolae_shop_firing_range

Skill      XL: |  1  2  3  4  5  6 |
---------------+-------------------+-----
Shields        | 4 5 6 7 |  7.6
Axes           | 3 4 |  4.3
Fighting       | |  3.2
Armour         | |  3.2

Action                   |  1- 3 |  4- 6 |  7- 9 || total
-------------------------+-------+-------+-------++-------
Melee: War axe           |   115 |   139 |    41 ||   295
Throw: Stone             |    19 |    62 |    20 ||   101
Armor: Scale mail        |    54 |    56 |       ||   110
       Plate armour      |       |     9 |    23 ||    32
Dodge: Dodged            |    45 |    41 |     5 ||    91
Block: Kite shield       |    63 |    79 |    12 ||   154

Table legend: (Time is in decaauts)
 A = Elapsed time spent in this place.
 B = Non-inter-level travel time spent in this place.
 C = Inter-level travel time spent in this place.
 D = Time resting spent in this place.
 E = Time spent auto-exploring this place.
 F = Levels seen in this place.
 G = Mean time per level.
                   A        B        C        D        E       F      G
               +--------+--------+--------+--------+--------+-----+--------+
         Total |   4255 |   4196 |     59 |    315 |   3013 |   5 |  851.0 |
       Dungeon |   3727 |   3668 |     59 |    315 |   2555 |   4 |  931.8 |
         Sewer |    527 |    527 |      0 |      0 |    458 |   1 |  527.0 |
               +--------+--------+--------+--------+--------+-----+--------+

Top non-repeatable levels by time:
     D:1: 1309 daAuts
     D:2: 1097 daAuts
     D:3: 804 daAuts
   Sewer: 527 daAuts
     D:4: 516 daAuts
